Umenahisha, neutral female human Wizard ----- |...| # |...| ----.----- ----- |...-## |........| ##..#>.########### |...| # |......<.| # |...| # |...| ####-.........########### ----- ### ---------------- |...| |........| # |.(?!.**[!?%*?"| -.--- -------.-- ###|@m./[!(??%[%*+| ####### ## #-@d...*!)??)=(>| ###############[###################### |=.(?[/?)[%/??!| ### ##########[# -----.--- ---------------- # # ---.-- |.......| ######### |....| |.......| -----.---|-- #.....| #......*.| |..........| ###|.....##[[###|.......| |..........| # |...[| #........| |..........|####### ------ |.......| ------------ ----|---- # Umenahisha the Thaumaturge Experience level: 6 Strength: 11 Dexterity: 12 Constitution: 18 Intelligence: 18 Wisdom: 11 Charisma: 10 Health: 0(54) Energy: 12(58) Def: 3 Gold: 0 Moves: 4644 Dungeon seed: xIkw5-hzu2v88Ctx Game ID: Umenahisha_1485903621 Your Inventory: Weapons a - a blessed +1 quarterstaff s - a blessed +1 orcish dagger t - the +0 Sting (weapon in hand) B - a +0 orcish dagger (in quiver) Armor e - a blessed +0 cloak of magic resistance (being worn) q - an uncursed +0 pair of elven boots (being worn) r - an uncursed corroded +0 helm of brilliance (being worn) y - an uncursed +0 leather jacket (being worn) N - an uncursed +0 cloak of protection Scrolls i - 2 uncursed scrolls of identify j - a blessed scroll of punishment k - an uncursed scroll of light u - an uncursed scroll of charging J - an uncursed scroll of teleportation Spellbooks l - a blessed spellbook of force bolt m - an uncursed spellbook of remove curse H - an uncursed spellbook of cure blindness Potions f - an uncursed potion of water g - an uncursed potion of monster detection h - an uncursed potion of sleeping w - an uncursed potion of booze z - an uncursed potion of extra healing A - a blessed potion of acid E - an uncursed potion of object detection Rings c - an uncursed +1 ring of gain constitution d - an uncursed ring of invisibility Wands b - a wand of create monster (0:11) D - a wand of undead turning named NC (0:6) Tools n - a magic marker (0:95) C - a blessed wax candle (0:400) I - an uncursed leash Gems F - an uncursed flint stone G - an uncursed worthless piece of yellowish brown glass Y - an uncursed worthless piece of red glass Spells and supernatural/magical abilities: Name Level Category Fail Memory a - force bolt 1 attack 0% 77% r - remove curse 3 clerical 77% 77% W - pray for help -- divine ? -- Your skills at the end: Fighting Skills Weapon Skills dagger [Basic] quarterstaff [Basic] Spellcasting Skills attack spells [Basic] enchantment spells [Basic] Final Attributes: You were piously aligned. You were magic-protected. You were telepathic. You were aware of the presence of orcs. You were stealthy. You were unlucky. You are dead. Vanquished creatures: 3 small mimics a lizard a water nymph a mountain nymph a rock mole a gnomish wizard 3 floating eyes a kitten a dwarf 5 hill orcs a rothe a giant bat a wererat an iguana 4 coyotes 2 hobbits 5 manes 2 hobgoblins 2 giant rats 2 cave spiders 2 brown molds a yellow mold a red mold 2 gnomes 3 geckos 3 jackals 2 foxes 4 goblins 8 sewer rats 8 grid bugs 4 lichens 2 kobold zombies 3 newts 82 creatures vanquished. Voluntary challenges: You used a wielded weapon 100 times, starting on turn 208. You read items or engraved 2 times, starting on turn 3631. You never genocided any monsters. You never polymorphed an object. You never changed form. You used no wishes. You never split a pudding. You wrote Elbereth's name 2 times, starting on turn 3631. You never violated your personal moral code. Dungeon overview: The Dungeons of Doom: levels 1 to 6 Level 1 a fountain a long staircase Level 2 Level 3 a long staircase Level 4 an armor shop, a fountain Level 5 a fountain Level 6 <- You were here a general store, a sink History has recorded: On T:1 you entered the Dungeons of Doom to retrieve the Amulet of Yendor! On T:403 you reached level 2 of The Dungeons of Doom. On T:881 you reached level 3 of The Dungeons of Doom. On T:899 you advanced to experience level 2. On T:1697 you reached level 4 of The Dungeons of Doom. On T:1731 you advanced to experience level 3. On T:2662 you advanced to experience level 4. On T:3132 you advanced to experience level 5. On T:3228 you reached level 5 of The Dungeons of Doom. On T:3825 you reached level 6 of The Dungeons of Doom. On T:4276 you advanced to experience level 6. Score breakdown: Gold: 0 ( 0 points) Experience: 6 levels (12456 points) Exploration: 6 levels ( 12.24%) ( 9682 points) Discoveries: 3 items ( 1.05%) ( 3067 points) Valuables value: (no points given unless you survive) Artifact value: 800 ( 9877 points) Variety of kills: 33 monsters ( 8.66%) ( 8829 points) Turncount: 4644 turns (-1245 points) Survival: died (score multiplied by 80%) Total score: 34132 Latest messages: The spell hits the lizard! You kill the lizard! The spell hits the giant mimic! The giant mimic resists! Splat! You owe Aklavik 36 zorkmids for it! Aklavik gets angry! A black potion shatters! You owe Aklavik 355 zorkmids for it! The spell hits the small mimic! You kill the small mimic! The dog eats a lizard corpse. Aklavik zaps a spiked wand! Boing! Aklavik zaps a wand of striking! Boing! Aklavik zaps a wand of striking! Boing! You feel more confident in your weapon skills. You hit the giant mimic. Aklavik zaps a wand of striking! Boing! You hit the giant mimic. Aklavik hits! You die... Aklavik takes all your possessions. Final status: Goodbye Umenahisha the Wizard, killed by a Ms. Aklavik, the shopkeeper... You died in The Dungeons of Doom on dungeon level 6 with 34132 points, and 0 pieces of gold, after 4644 moves. You were level 6 with a maximum of 54 hit points when you died.